 Dungeon Crawl Stone Soup version 0.21.0-3-g78d12a8 (webtiles) character file.

8 tidbits the Magician (level 2, -1/14 HPs)
             Began as a Vine Stalker Wizard on Jan 10, 2018.
             Slain by a leopard gecko (4 damage)
             ... on level 2 of the Dungeon.
             The game lasted 00:02:01 (264 turns).

tidbits the Magician (Vine Stalker Wizard)           Turns: 264, Time: 00:02:02

Health: -1/14      AC:  2    Str:  9    XL:     2   Next: 8%
Magic:  0/7        EV: 12    Int: 23    God:
Gold:   8          SH:  0    Dex: 12    Spells: 6/7 levels left

rFire    . . .     SeeInvis .   f - +0 dagger
rCold    . . .     Gourm    .   (no shield)
rNeg     . . .     Faith    .   a - +0 robe
rPois    .         Spirit   +   b - +0 hat
rElec    .         Reflect  .   (no cloak)
rCorr    .         Harm     .   (no gloves)
MR       .....                  (no boots)
Stlth    ++........             (no amulet)
HPRegen  0.04/turn              (no ring)
MPRegen  0.10/turn              (no ring)

@: brilliant
A: fangs 2, magic shield, antimagic bite, no potion heal 3, rot immunity
a: no special abilities


You were on level 2 of the Dungeon.
You were not hungry.

You visited 1 branch of the dungeon, and saw 2 of its levels.

You collected 8 gold pieces.

Inventory:

Hand Weapons
 f - a +0 dagger (weapon)
Armour
 a - a +0 robe (worn)
 b - a +0 hat (worn)
 h - a cursed +0 leather armour
Scrolls
 j - a scroll of amnesia {unknown}
Potions
 i - a potion of degeneration
Books
 c - a book of Minor Magic

   Spells                             Type                      Level
   a - Magic Dart                     Conjuration                  1
   b - Blink                          Translocation                2
   c - Call Imp                       Summoning                    2
   d - Slow                           Hexes                        2
   e - Conjure Flame                  Conjuration/Fire             3
   f - Mephitic Cloud                 Conjuration/Poison/Air       3
Comestibles
 d - a ration


   Skills:
 + Level 1.0 Fighting
 - Level 1.5 Dodging
 + Level 3.0 Stealth
 - Level 3.2 Spellcasting
 - Level 1.0 Conjurations
   Level 1.0 Summonings
   Level 1.0 Translocations


You had 6 spell levels left.
You knew the following spells:

 Your Spells              Type           Power        Failure   Level  Hunger
a - Magic Dart            Conj           ###.         1%          1    None


Dungeon Overview and Level Annotations

Branches:
Dungeon (2/15)

Altars:
Elyvilon
Makhleb


Innate Abilities, Weirdness & Mutations

You have extremely sharp teeth.
When hurt, damage is shared between your health and your magic reserves.
Your bite disrupts and absorbs the magic of your enemies.
Potions cannot restore your health.
You are immune to rotting.


Message History

You closely miss the kobold. Your bite misses the kobold.
Casting: Magic Dart
Confirm with . or Enter, or press ? or * to list all spells.
Aiming: Magic Dart
Press: ? - help, Shift-Dir - straight line, f - kobold
Aim: a kobold, wielding a club The magic dart hits the kobold.
The kobold is moderately wounded.
The kobold barely misses you.
Casting: Magic Dart
Confirm with . or Enter, or press ? or * to list all spells.
Aiming: Magic Dart
Press: ? - help, Shift-Dir - straight line, f/p - kobold
Aim: a kobold, wielding a club (moderately wounded)
The magic dart hits the kobold.
The kobold is severely wounded.
The kobold misses you.
Casting: Magic Dart
Confirm with . or Enter, or press ? or * to list all spells.
You don't have enough magic to cast that spell.
You barely miss the kobold. Your bite misses the kobold.
The kobold is severely wounded.
The kobold completely misses you.
You hit the kobold.
You kill the kobold!
You have reached level 2!
You see here a club.
Found a stone staircase leading down.
A giant cockroach comes into view.
Casting: Magic Dart
Confirm with . or Enter, or press ? or * to list all spells.
Aiming: Magic Dart
Press: ? - help, Shift-Dir - straight line, f - giant cockroach
Aim: a giant cockroach (clinging)
The magic dart hits the giant cockroach.
The giant cockroach is moderately wounded.
Casting: Magic Dart
Confirm with . or Enter, or press ? or * to list all spells.
You don't have enough magic to cast that spell.
The giant cockroach misses you.
You hit the giant cockroach but do no damage.
The giant cockroach is moderately wounded.
The giant cockroach bites you.
* * * LOW HITPOINT WARNING * * *
You hit the giant cockroach.
The giant cockroach is moderately wounded.
The giant cockroach closely misses you.
You hit the giant cockroach.
The giant cockroach is severely wounded.
The giant cockroach barely misses you.
You hit the giant cockroach but do no damage.
Your bite misses the giant cockroach.
The giant cockroach is severely wounded.
The giant cockroach misses you. The giant cockroach bites you.
* * * LOW HITPOINT WARNING * * *
You hit the giant cockroach.
You kill the giant cockroach!
Your Fighting skill increases to level 1!
Your Stealth skill increases to level 3!
Casting: Magic Dart
Confirm with . or Enter, or press ? or * to list all spells.
You can't see any susceptible monsters within range! (Use Z to cast anyway.)
There is a stone staircase leading down here.
You climb downwards.
There is a stone staircase leading up here.
Unknown command.
The leopard gecko hisses angrily.
Found a scroll labeled LUIWIADWYNE.
A kobold comes into view. It is wielding a club.
The leopard gecko hisses menacingly.
The kobold shouts!
You see here a scroll labeled LUIWIADWYNE.
j - a scroll labeled LUIWIADWYNE
Found 16 gold pieces.
As you read the scroll labeled ROCZEU YRCHU, it crumbles to dust.
It is a scroll of identify.
i - a potion of degeneration The leopard gecko closely misses you.
It was a potion of brilliance.
You feel clever all of a sudden. The leopard gecko misses you.
Casting: Magic Dart
Confirm with . or Enter, or press ? or * to list all spells.
Aiming: Magic Dart
Press: ? - help, Shift-Dir - straight line, f - leopard gecko
Aim: a leopard gecko (clinging)
The magic dart hits the leopard gecko.
The leopard gecko is severely wounded.
The leopard gecko barely misses you.
Casting: Magic Dart
Confirm with . or Enter, or press ? or * to list all spells.
Aiming: Magic Dart
Press: ? - help, Shift-Dir - straight line, f/p - leopard gecko
Aim: a leopard gecko (severely wounded, clinging)
The magic dart hits the leopard gecko.
The leopard gecko is severely wounded.
The leopard gecko hisses menacingly.
The leopard gecko closely misses you. The kobold barely misses you.
The leopard gecko bites you.
You die...

##### #..@# #.Kl#
.# .. #...# .#...
#...#####.#...
###.............
#.............#
................#.
###.#.............
#..####.........#


You could see a leopard gecko and a kobold.

Vanquished Creatures
  2 giant cockroaches (D:1)
  A goblin (D:1)
  A hobgoblin (D:1)
  A kobold (D:1)
  A bat (D:1)
  A rat (D:1)
7 creatures vanquished.

Notes
Turn   | Place    | Note
-------+----------+-------------------------------------------
     0 | D:1      | tidbits the Vine Stalker Wizard began the quest for the Orb.
     0 | D:1      | Reached XP level 1. HP: 9/9 MP: 5/5
   151 | D:2      | Found a burning altar of Makhleb.
   151 | D:2      | Found a white marble altar of Elyvilon.
   224 | D:1      | Reached XP level 2. HP: 4/14 MP: 0/7
   240 | D:1      | Reached skill level 1 in Fighting
   240 | D:1      | Reached skill level 3 in Stealth
   264 | D:2      | Slain by a leopard gecko

Skill      XL: |  1  2 |
---------------+-------+-----
Fighting       | 1 |  1.0
Stealth        | 3 |  3.0
Dodging        | |  1.5
Spellcasting   | |  3.2
Conjurations   | |  1.0
Summonings     | |  1.0
Translocations | |  1.0

Action                   || total
-------------------------++-------
Melee: Dagger            ||    12
       Unarmed           ||     3
 Cast: Magic Dart        ||    18
  Use: Scroll            ||     1
       Potion            ||     1
Armor: Robe              ||    20
Dodge: Dodged            ||    64

Table legend:
 A = Turns spent in this place as a percentage of turns spent in the entire game.
 B = Non-inter-level travel turns spent in this place as a percentage of non-inter-level travel turns spent in the entire game.
 C = Inter-level travel turns spent in this place as a percentage of turns spent in this place.
 D = Turns resting spent in this place as a percentage of non-inter-level travel turns spent in this place.
 E = Turns spent auto-exploring this place as a percentage of non-inter-level travel turns spent in this place.
 F = Non-inter-level travel turns spent in this place divided by the number of levels of this place that you've seen.
                   A       B       C       D       E      F
               +-------+-------+-------+-------+-------+----------------------
         Total | 100.0 | 100.0 |   6.1 |   0.0 |   0.0 | 124.0
       Dungeon | 100.0 | 100.0 |   6.1 |   0.0 |   0.0 | 124.0
               +-------+-------+-------+-------+-------+----------------------

Table legend:
 A = Kills in this place as a percentage of kills in entire the game.
 B = Kills by you in this place as a percentage of kills by you in the entire game.
 C = Kills by friends in this place as a percentage of kills by friends in the entire game.
 D = Other kills in this place as a percentage of other kills in the entire game.
 E = Experience gained in this place as a percentage of experience gained in the entire game.
 F = Experience gained in this place divided by the number of levels of this place that you have seen.
                   A       B       C       D       E      F
               +-------+-------+-------+-------+-------+----------------------
         Total | 100.0 | 100.0 |   N/A |   N/A | 100.0 |   6.0
       Dungeon | 100.0 | 100.0 |   N/A |   N/A | 100.0 |   6.0
               +-------+-------+-------+-------+-------+----------------------

Vault maps used:
D:1:      scummos_arrival_simple_fountains
D:2:      gammafunk_temple_overflow_forgotten, gammafunk_temple_overflow_wave,
          kennysheep_minor_cross
